 Dungeon Sprint DCSS version 0.27-a0-592-g0306a34022 (webtiles) character file.

Game seed: 3118168052079096315

542 rocky1 the Earth Mage (level 7, -3/36 HPs)
             Began as a Deep Elf Earth Elementalist on Mar 11, 2021.
             Was an Elder of Sif Muna.
             Slain by a manticore (6 damage)
             ... in the Dungeon (Sprint VII: "The Pits").
             The game lasted 00:04:56 (706 turns).

rocky1 the Earth Mage (Deep Elf Earth Elementalist)  Turns: 706, Time: 00:04:57

Health: -3/36      AC:  3    Str:  5    XL:     7   Next: 6%
Magic:  13/13      EV: 12    Int: 22    God:    Sif Muna [****..]
Gold:   0          SH:  0    Dex: 15    Spells: 3/12 levels left

rFire    . . .     SeeInvis .   m - +2 quarterstaff (speed)
rCold    . . .     Faith    .   (shield currently unavailable)
rNeg     . . .     Spirit   .   c - +0 robe
rPois    .         Reflect  .   (no helmet)
rElec    .         Harm     .   l - +0 cloak
rCorr    .         Rampage  .   (no gloves)
Will     .....     NoTele   +   (no boots)
Stlth    ++........             (no amulet)
HPRegen  0.12/turn              (no ring)
MPRegen  0.13/turn              (no ring)

@: no status effects
A: no striking features
a: Renounce Religion, Channel Magic, Forget Spell, Divine Exegesis


You were in the Dungeon.
You worshipped Sif Muna.
Sif Muna was greatly pleased with you.
You visited 1 branch

Inventory:

Hand Weapons
 m - a +2 quarterstaff of speed (weapon)
Missiles
 b - 27 stones
Armour
 c - a +0 robe (worn)
 l - a +0 cloak (worn)
Scrolls
 i - a scroll of blinking
 j - 5 scrolls of amnesia
 k - a scroll of summoning
Potions
 a - 2 potions of invisibility
 d - 6 potions of curing
 e - 5 potions of heal wounds
 f - a potion of haste
 g - 3 potions of magic
 h - 3 potions of berserk rage


   Skills:
 + Level 0.2 Fighting
 + Level 0.2 Armour
 + Level 2.5 Dodging
 + Level 2.7 Stealth
 + Level 3.1 Spellcasting
 + Level 0.4 Conjurations
 + Level 1.3 Transmutations
 + Level 15.6 Earth Magic
 + Level 0.4 Invocations


You had 3 spell levels left.
You knew the following spells:

 Your Spells              Type           Power      Damage    Failure   Level
a - Sandblast             Erth           100%       2d20      1%          1
b - Stone Arrow           Conj/Erth      76%        3d11      1%          3
c - Lee's Rapid Deconstr  Erth           32%        3d17*     1%          5

Your spell library contained the following spells:

 Spells                   Type           Power      Damage    Failure   Level
 Passwall                 Tmut/Erth      33%        N/A       1%          2
 Call Imp                 Summ           3%         N/A       19%         2
 Sublimation of Blood     Necr           1%         N/A       19%         2
 Call Canine Familiar     Summ           3%         N/A       36%         3
 Summon Guardian Golem    Hex/Summ       3%         N/A       36%         3
 Petrify                  Tmut/Erth      40%        N/A       3%          4


Dungeon Overview and Level Annotations

Branches:
Dungeon (1/1)

Altars:
Ashenzari
Cheibriados
Dithmenos
Elyvilon
Fedhas
Gozag
Hepliaklqana
Kikubaaqudgha
Makhleb
Nemelex Xobeh
Okawaru
Qazlal
Ru
Sif Muna
Trog
Uskayaw
Vehumet
Wu Jian
Xom
Yredelemnul
Zin
The Shining One
Beogh
Jiyva
Lugonu


Message History

a +3 quarterstaff of chaos; a +0 cloak
l - a +0 cloak You start putting on your armour.
You continue putting on your +0 cloak. x4
You finish putting on your +0 cloak.
Unknown command.
You open the door.
A manticore comes into view.
Unknown command.
Casting: Lee's Rapid Deconstruction (dangerous; 1% risk of failure)
Confirm with . or Enter, or press ? or * to list all spells.
Aiming: Lee's Rapid Deconstruction (dangerous; 1% risk of failure)
Press: ? - help, Dir - move target A metal wall.
The metal wall shatters!
The blast of metal fragments hits the manticore!!
The manticore is severely wounded.
Unknown command.
Casting: Lee's Rapid Deconstruction (dangerous; 1% risk of failure)
Confirm with . or Enter, or press ? or * to list all spells.
You don't have enough magic to cast this spell.
Casting: Lee's Rapid Deconstruction (dangerous; 1% risk of failure)
Confirm with . or Enter, or press ? or * to list all spells.
Aiming: Sandblast (safe; 1% risk of failure)
Press: ? - help, Shift-Dir - straight line The blast of sand hits the manticore!!
The manticore is almost dead.
The manticore bites you! The manticore claws you. The manticore claws you!
Unknown command.
Casting: Sandblast (safe; 1% risk of failure)
Confirm with . or Enter, or press ? or * to list all spells.
Okay, then.
You feel much better.
The manticore bites you but does no damage.
The manticore claws you! x2
Unknown command.
Magic courses through your body. The manticore barely misses you.
The manticore claws you!
* * * LOW HITPOINT WARNING * * *
The manticore claws you.
You die...

#)#........##.......#
#)###########.......#
#)†..†..# #########
#.......# #...#...#
#..###..#+#
#...#...#.+
#.......#H#
#.......'@#
###########


You could see a manticore.

Vanquished Creatures
  2 floating eyes (D)
  An ogre (D)
  A gnoll sergeant (D)
  Crazy Yiuf (D)
  A gnoll shaman (D)
  2 hounds (D)
  7 gnolls (D)
  An ooze (D)
  A bat skeleton (D)
  2 jackals (D)
  A kobold (D)
  A quokka (D)
  2 rats (D)
23 creatures vanquished.

Notes
Turn   | Place    | Note
-------+----------+-------------------------------------------
     0 | D        | rocky1 the Deep Elf Earth Elementalist began the quest for
                  | the Orb.
     0 | D        | Reached XP level 1. HP: 10/10 MP: 6/6
    13 | D        | Reached skill level 4 in Earth Magic
    18 | D        | Found a bloodstained altar of Trog.
    18 | D        | Found a shimmering blue altar of Sif Muna.
    18 | D        | Found a viscous altar of Jiyva.
    18 | D        | Found a hazy altar of Hepliaklqana.
    18 | D        | Found an opulent altar of Gozag.
    19 | D        | Found a glowing golden altar of the Shining One.
    19 | D        | Found a glowing silver altar of Zin.
    19 | D        | Found a basalt altar of Yredelemnul.
    19 | D        | Found a shimmering altar of Xom.
    19 | D        | Found an ornate altar of the Wu Jian Council.
    19 | D        | Found a sacrificial altar of Ru.
    19 | D        | Found a stormy altar of Qazlal.
    19 | D        | Found an iron altar of Okawaru.
    19 | D        | Found a sparkling altar of Nemelex Xobeh.
    19 | D        | Found a burning altar of Makhleb.
    19 | D        | Found a blossoming altar of Fedhas.
    19 | D        | Found a white marble altar of Elyvilon.
    19 | D        | Found a shadowy altar of Dithmenos.
    19 | D        | Found a snail-covered altar of Cheibriados.
    21 | D        | Found a radiant altar of Vehumet.
    21 | D        | Found a corrupted altar of Lugonu.
    22 | D        | Found a hide-covered altar of Uskayaw.
    22 | D        | Found an ancient bone altar of Kikubaaqudgha.
    22 | D        | Found a broken altar of Ashenzari.
    24 | D        | Became a worshipper of Sif Muna the Loreminder
    66 | D        | Reached skill level 5 in Earth Magic
    66 | D        | Reached XP level 2. HP: 15/15 MP: 4/8
    68 | D        | Reached skill level 6 in Earth Magic
   142 | D        | Reached * piety under Sif Muna
   319 | D        | Noticed a floating eye
   319 | D        | Noticed an ogre
   323 | D        | Paralysed by a floating eye for 4 turns
   328 | D        | Killed a floating eye
   329 | D        | Reached skill level 10 in Earth Magic
   329 | D        | Reached XP level 3. HP: 19/19 MP: 9/9
   329 | D        | Reached XP level 4. HP: 24/24 MP: 10/10
   336 | D        | Reached ** piety under Sif Muna
   381 | D        | Learned a level 3 spell: Stone Arrow
   404 | D        | Killed an ogre
   405 | D        | Reached skill level 12 in Earth Magic
   405 | D        | Reached XP level 5. HP: 26/28 MP: 8/11
   434 | D        | Learned a level 5 spell: Lee's Rapid Deconstruction
   491 | D        | Reached *** piety under Sif Muna
   492 | D        | Reached skill level 13 in Earth Magic
   494 | D        | Reached XP level 6. HP: 32/32 MP: 1/12
   494 | D        | Noticed a floating eye
   512 | D        | Killed a floating eye
   512 | D        | Reached **** piety under Sif Muna
   513 | D        | Reached skill level 14 in Earth Magic
   583 | D        | Reached ***** piety under Sif Muna
   583 | D        | Identified Enkara's Papyrus of Sinister Companions (Sif
                  | Muna gifted it to you in the Dungeon)
   583 | D        | Received a gift from Sif Muna
   584 | D        | Reached skill level 15 in Earth Magic
   681 | D        | Reached XP level 7. HP: 36/36 MP: 11/13
   692 | D        | Noticed Crazy Yiuf
   693 | D        | Killed Crazy Yiuf
   702 | D        | Noticed a manticore
   706 | D        | Slain by a manticore

Illustrated notes

Levels and vault maps discovered:
D:        pitsprint [storerooms_1, entrance_room_1, metal_vault_6, armoury_1,
          mini_pit_1, grid_room_1, main_hall_1, silver_pit, the_coven_1,
          the_vestibule_1, steel_vault_3, golden_pit, hallway_of_sentries,
          crystal_vault_4, iron_vault_2, final_vault]

Skill      XL: |  1  2  3  4  5  6 |
---------------+-------------------+-----
Earth Magic    | 5 10 12 13 15 | 15.6
Fighting       | |  0.2
Armour         | |  0.2
Dodging        | |  2.5
Stealth        | |  2.7
Spellcasting   | |  3.1
Conjurations   | |  0.4
Transmutations | |  1.3
Invocations    | |  0.4

Action                   |  1- 3 |  4- 6 |  7- 9 || total
-------------------------+-------+-------+-------++-------
Melee: Quarterstaff      |    10 |    11 |       ||    21
 Cast: Sandblast         |     7 |     5 |     1 ||    13
       Lee's Rapid Decon |       |     3 |     2 ||     5
  Use: Potion            |       |       |     2 ||     2
Armor: Robe              |     1 |       |     1 ||     2
Dodge: Dodged            |     6 |     5 |     1 ||    12

Table legend: (Time is in decaauts)
 A = Elapsed time spent in this place.
 B = Non-inter-level travel time spent in this place.
 C = Inter-level travel time spent in this place.
 D = Time resting spent in this place.
 E = Time spent auto-exploring this place.
 F = Levels seen in this place.
 G = Mean time per level.
                   A        B        C        D        E       F      G
               +--------+--------+--------+--------+--------+-----+--------+
         Total |    708 |    695 |     13 |    426 |      0 |   1 |  708.0 |
       Dungeon |    708 |    695 |     13 |    426 |      0 |   1 |  708.0 |
               +--------+--------+--------+--------+--------+-----+--------+

Top non-repeatable levels by time:
       D: 708 daAuts
